 Dungeon Crawl Stone Soup version 0.27-a0-401-gea03ee85fd (webtiles) character file.

Game seed: 10562188052799135137

18833 tilp the Transmogrifier (level 12, -4/94 HPs)
             Began as an Octopode Transmuter on Feb 21, 2021.
             Was a High Priest of Okawaru.
             Slain by a six-headed hydra (8 damage)
             ... on level 2 of the Lair of Beasts.
             The game lasted 00:29:00 (17040 turns).

tilp the Transmogrifier (Octopode Transmuter)      Turns: 17040, Time: 00:29:01

Health: -4/94      AC: 11    Str: 17    XL:     12   Next: 62%
Magic:  19/21      EV: 16    Int: 19    God:    Okawaru [*****.]
Gold:   244        SH:  0    Dex: 12    Spells: 6/23 levels left

rFire    x . .     SeeInvis +     - Unarmed
rCold    + + +     Faith    .   (shield currently unavailable)
rNeg     . . .     Spirit   .   (helmet currently unavailable)
rPois    +         Reflect  .   m - amulet of the acrobat
rElec    .         Harm     .   k - +4 ring of protection
rCorr    .         Rampage  .   w - +4 ring of evasion
Will     +....                  A - +4 ring of slaying
Stlth    ++........             F - ring of willpower
HPRegen  0.25/turn              H - +6 ring of strength
MPRegen  0.17/turn              d - ring of see invisible
                                (no ring)
                                (no ring)

@: ice-form, mesmerised
A: large, almost no armour, stealthy swim, amphibious, 8 rings, (constrict 8)
a: End Transformation, Renounce Religion, Heroism, Finesse


You were on level 2 of the Lair of Beasts.
You worshipped Okawaru.
Okawaru was extremely pleased with you.
You were a creature of crystalline ice.
You visited 2 branches of the dungeon, and saw 13 of its levels.

You collected 496 gold pieces.
You spent 252 gold pieces at shops.

Inventory:

Missiles
 u - 7 atropa-tipped darts
 v - 4 boomerangs
 y - 2 throwing nets {!f}
 C - 29 poisoned darts (quivered)
 M - 10 curare-tipped darts {!f}
Armour
 a - the +3 kite shield of the Fife {rF+}
   (Okawaru gifted it to you on level 11 of the Dungeon)

   It protects you from fire.
 J - the +0 buckler "Nilun" (melded) {Dex+4}
   (You found it on level 9 of the Dungeon)

   It affects your dexterity (+4).
 L - the +3 hat of Pondering {ponderous, Will+ MP+10 Int+5}
   (Okawaru gifted it to you on level 10 of the Dungeon)

   It affects your intelligence (+5).
   It affects your willpower, your defense against some magical effects.
   It affects your magic capacity (+10).
Jewellery
 d - a ring of see invisible (on tentacle)
 k - a +4 ring of protection (left front paw)
 m - an amulet of the acrobat (around neck)
 w - a +4 ring of evasion (right front paw)
 x - an amulet of magic regeneration
 A - a +4 ring of slaying (on tentacle)
 F - a ring of willpower (on tentacle)
 H - a +6 ring of strength (on tentacle)
Wands
 g - a wand of charming (29)
 p - a wand of paralysis (4)
 q - a wand of polymorph (5)
 I - a wand of iceblast (20)
Scrolls
 b - 3 scrolls of amnesia
 i - 5 scrolls of magic mapping
 j - 4 scrolls of fog
 l - 5 scrolls of blinking
 r - 5 scrolls of teleportation
 s - 2 scrolls of enchant weapon
 B - 2 scrolls of immolation
 N - a scroll of fear
 O - a scroll of identify
Potions
 c - 2 potions of haste
 e - 2 potions of attraction
 f - 2 potions of heal wounds
 h - 2 potions of brilliance
 n - 5 potions of curing
 o - 4 potions of might
 t - 3 potions of invisibility
 z - 4 potions of lignification
 D - a potion of resistance
 E - 3 potions of flight {unknown}
 G - a potion of berserk rage {unknown}
 K - a potion of magic {unknown}


   Skills:
 - Level 6.0 Fighting
 - Level 6.0 Dodging
 - Level 4.0 Stealth
 - Level 4.0 Shields
 - Level 8.0 Unarmed Combat
 - Level 6.0 Spellcasting
 - Level 10.0 Transmutations
 - Level 4.0 Ice Magic
 - Level 4.0 Poison Magic
 + Level 8.6 Invocations
 - Level 8.0 Evocations


You had 6 spell levels left.
You knew the following spells:

 Your Spells              Type           Power        Failure   Level
a - Beastly Appendage     Tmut           86%          1%          1
b - Wereblood             Tmut           43%          1%          2
c - Spider Form           Tmut/Pois      16%          1%          3
d - Ice Form              Ice/Tmut       32%          6%          4
e - Blade Hands           Tmut           21%          4%          5
f - Corona                Hex            5%           11%         1
g - Apportation           Tloc           10%          11%         1

Your spell library contained the following spells:

 Spells                   Type           Power        Failure   Level
 Animate Skeleton         Necr           10%          11%         1
 Foxfire                  Conj/Fire      20%          11%         1
 Summon Small Mammal      Summ           20%          11%         1
 Conjure Flame            Conj/Fire      5%           32%         3
 Inner Flame              Hex/Fire       5%           32%         3
 Manifold Assault         Tloc           5%           73%         4
 Sticky Flame             Conj/Fire      5%           73%         4
 Fireball                 Conj/Fire      2%           97%         5
 Lightning Bolt           Conj/Air       2%           97%         5
 Summon Forest            Summ/Tloc      2%           97%         5
 Conjure Ball Lightning   Conj/Air       2%           100%        6


Dungeon Overview and Level Annotations

Branches:
Dungeon (11/15)            Temple (0/1) D:4            Lair (2/6) D:11
    Orc (0/2) D:11
  Swamp: Lair:2-4    Shoals: Lair:2-4     Snake: Lair:2-4    Spider: Lair:2-4

Altars:
Cheibriados
Kikubaaqudgha
Nemelex Xobeh
Okawaru
Qazlal
Sif Muna

Shops:
D:7 :*(

Annotations:
D:11 1 runed translucent door


Innate Abilities, Weirdness & Mutations

You cannot wear most types of armour.
You are very stealthy in the water. (Stealth+)
You are amphibious.
You can wear up to eight rings at the same time.
((You can use your tentacles to constrict eight enemies at once.))
((Your skin changes colour to match your surroundings (Stealth+).))
((Your rubbery body absorbs attacks. (AC +1, EV +1)))


Message History

The merfolk siren chants a haunting song.
You are mesmerised by the merfolk siren!
You cannot move away from the merfolk siren!
Unknown command.
The merfolk shouts!
The merfolk throws a throwing net.
The throwing net hits you.
You become entangled in the net!
The merfolk siren chants its luring song.
The black mamba bites you!
You see here a throwing net.
You struggle against the net.
The black mamba bites you but does no damage.
The merfolk siren chants its luring song.
The black mamba bites you!
You struggle against the net.
The merfolk siren chants its luring song.
You struggle against the net.
The black mamba barely misses you.
The merfolk hits you from afar with a +0 trident.
A merfolk siren comes into view. It is wielding a +0 spear.
The six-headed hydra bites you. The six-headed hydra barely misses you.
The six-headed hydra bites you. The six-headed hydra barely misses you.
The six-headed hydra bites you. x2
Unknown command.
You rip the net and break free!
The black mamba closely misses you. The black mamba bites you!
* * * LOW HITPOINT WARNING * * *
The merfolk hits you from afar with a +0 trident!
* * * LOW HITPOINT WARNING * * *
The merfolk hits you from afar with a +0 trident.
* * * LOW HITPOINT WARNING * * *
The merfolk siren chants its luring song.
The six-headed hydra bites you!
* * * LOW HITPOINT WARNING * * *
The six-headed hydra barely misses you.
The six-headed hydra bites you but does no damage.
The six-headed hydra bites you.
* * * LOW HITPOINT WARNING * * *
The six-headed hydra completely misses you.
The six-headed hydra bites you!
You die...

.# ### .## ##P##..#
#####..#P..## .
#...........#.≈
##...........mm.
#......$.>m...#
#.....SD.m...#
#.###..#Y.###.#
#..##.# #..# ##
##.### # #....## ###
.# ###P+.###.### #..
#..........# ####...
#..........# #......
#..........####......


You could see a six-headed hydra, 2 merfolk, 2 merfolk sirens and a black mamba.

Vanquished Creatures
  A hydra (Lair:2)
  4 two-headed ogres
  Sonja (D:11)
  A cyclops (D:11)
  An ugly thing (D:11)
  An elephant (D:11)
  A manticore (D:11)
  2 black mambas (Lair:1)
  2 cane toads (Lair:1)
  Maggie (D:9)
  2 komodo dragons (Lair:1)
  2 trolls
  A hornet (D:11)
  Grinder (D:6)
  4 wyverns
  15 yaks
  A wraith (D:10)
  A basilisk (D:11)
  3 water moccasins (Lair:1)
  4 ice beasts
  2 black bears
  9 orc warriors
  An eye of draining (D:11)
  3 necrophages
  2 sky beasts
  12 centaurs
  9 ogres
  3 phantoms
  11 bullfrogs
  3 kobold brigands
  A wyvern zombie (D:9)
  3 gnoll sergeants (D:11)
  3 scorpions
  4 killer bees (D:11)
  3 wights (D:7)
  A howler monkey (D:7)
  A quasit (D:10)
  5 centaur zombies
  6 hounds
  4 jellies
  8 orc priests
  A gnoll shaman (D:5)
  2 bullfrog skeletons
  A centaur skeleton (D:7)
  Jessica (D:2)
  Ijyb (D:5)
  3 iguanas
  5 worker ants
  9 orc wizards
  2 hound skeletons
  A howler monkey skeleton (D:6)
  A worker ant zombie (D:11)
  20 gnolls
  10 adders
  2 shadow imps (D:5)
  A white imp (D:10)
  3 ufetubi
  2 oozes
  An adder zombie (D:9)
  2 adder skeletons
  3 worms
  2 dart slugs
  4 leopard geckos
  33 orcs
  2 ball pythons
  6 bats
  6 giant cockroaches
  10 goblins
  7 hobgoblins
  14 jackals
  11 kobolds
  2 quokkas
  7 frilled lizards
  A jackal skeleton (D:4)
  3 quokka skeletons
  A quokka zombie (D:5)
  4 rats
327 creatures vanquished.

Vanquished Creatures (collateral kills)
  A worm (D:2)
  A goblin (D:2)
  A rat (D:2)
3 creatures vanquished.

Vanquished Creatures (others)
  A sky beast (D:11)
  An orc (D:3)
  A bush (Lair:1)
  3 fungi
  4 plants
10 creatures vanquished.

Grand Total: 340 creatures vanquished

Notes
Turn   | Place    | Note
-------+----------+-------------------------------------------
     0 | D:1      | tilp the Octopode Transmuter began the quest for the Orb.
     0 | D:1      | Reached XP level 1. HP: 13/13 MP: 3/3
    57 | D:1      | Reached skill level 1 in Stealth
   408 | D:1      | Reached XP level 2. HP: 18/18 MP: 5/5
   517 | D:1      | Learned a level 2 spell: Wereblood
   928 | D:2      | Reached XP level 3. HP: 18/23 MP: 4/6
  1099 | D:2      | Found a sparkling altar of Nemelex Xobeh.
  1099 | D:2      | Found a shimmering blue altar of Sif Muna.
  1099 | D:2      | Found a stormy altar of Qazlal.
  1858 | D:2      | Noticed Jessica
  1865 | D:2      | Killed Jessica
  1866 | D:2      | Reached XP level 4. HP: 24/29 MP: 5/7
  2561 | D:3      | Noticed a bullfrog
  2584 | D:3      | Killed a bullfrog
  2585 | D:3      | Reached XP level 5. HP: 16/36 MP: 6/8
  3120 | D:3      | Reached XP level 6. HP: 32/42 MP: 6/9
  3274 | D:3      | Found an iron altar of Okawaru.
  3298 | D:3      | Became a worshipper of Warmaster Okawaru
  3540 | D:3      | Learned a level 3 spell: Spider Form
  3651 | D:4      | Reached skill level 5 in Unarmed Combat
  3774 | D:4      | Found a staircase to the Ecumenical Temple.
  4213 | D:4      | Reached XP level 7. HP: 35/48 MP: 8/10
  4495 | D:4      | Reached * piety under Okawaru
  4496 | D:4      | Reached skill level 1 in Invocations
  4496 | D:4      | Reached skill level 1 in Evocations
  4728 | D:5      | Entered Level 5 of the Dungeon
  5179 | D:5      | Found a snail-covered altar of Cheibriados.
  5221 | D:5      | Noticed Ijyb
  5958 | D:6      | Reached XP level 8. HP: 54/54 MP: 8/11
  6278 | D:5      | Reached skill level 1 in Poison Magic
  6486 | D:6      | Reached ** piety under Okawaru
  6521 | D:6      | Reached skill level 3 in Transmutations
  6568 | D:6      | Noticed Grinder
  6584 | D:6      | Killed Grinder
  6681 | D:6      | Reached skill level 4 in Transmutations
  6922 | D:6      | Learned a level 4 spell: Ice Form
  7035 | D:7      | Found a stormy altar of Qazlal.
  7106 | D:7      | Reached skill level 5 in Transmutations
  7106 | D:7      | Reached XP level 9. HP: 55/58 MP: 15/15
  7290 | D:7      | Found Amoott's Antique Weapon Boutique.
  7513 | D:7      | Reached skill level 6 in Transmutations
  7517 | D:7      | Reached *** piety under Okawaru
  7518 | D:7      | Reached skill level 1 in Ice Magic
  7634 | D:7      | Identified the Almanac of the Lumpy Artisans
  7669 | D:7      | Found Ylugif's Assorted Antiques.
  7672 | D:7      | Bought a scroll of teleportation for 84 gold pieces
  7672 | D:7      | Bought a scroll of teleportation for 84 gold pieces
  7672 | D:7      | Bought a scroll of identify for 56 gold pieces
  7672 | D:7      | Bought a scroll labelled OJUGIVEULEGH for 28 gold pieces
  7847 | D:7      | Found Bixofec's Book Emporium.
  7859 | D:7      | Reached skill level 7 in Transmutations
  8460 | D:8      | Reached skill level 8 in Transmutations
  8542 | D:8      | Reached skill level 1 in Shields
  8544 | D:8      | Found an ancient bone altar of Kikubaaqudgha.
  8847 | D:8      | Learned a level 1 spell: Apportation
  8849 | D:8      | Learned a level 1 spell: Corona
  8961 | D:8      | Reached XP level 10. HP: 60/65 MP: 8/16
  9003 | D:8      | Reached **** piety under Okawaru
  9481 | D:9      | Reached skill level 5 in Fighting
  9539 | D:9      | Noticed Maggie
  9552 | D:9      | Killed Maggie
  9886 | D:9      | Noticed a two-headed ogre
  9896 | D:9      | Killed a two-headed ogre
  9923 | D:9      | Got a buzzing buckler
 10611 | D:9      | Identified the +0 buckler "Nilun" {Dex+4} (You found it on
                  | level 9 of the Dungeon)
 10626 | D:10     | Entered Level 10 of the Dungeon
 10841 | D:10     | Reached skill level 5 in Dodging
 10844 | D:10     | Reached ***** piety under Okawaru
 10948 | D:10     | Received a gift from Okawaru
 10949 | D:10     | Found the +3 hat of Pondering {ponderous, Will+ MP+10
                  | Int+5}
 11196 | D:10     | Reached XP level 11. HP: 64/72 MP: 17/17
 11680 | D:10     | Reached skill level 5 in Invocations
 11680 | D:10     | Reached skill level 5 in Evocations
 12188 | D:11     | Noticed a two-headed ogre
 12192 | D:11     | Noticed a two-headed ogre
 12198 | D:11     | Killed a two-headed ogre
 12203 | D:11     | Killed a two-headed ogre
 12372 | D:11     | Found a runed translucent door.
 12376 | D:11     | Found the necklace of Bloodlust {*Rage +Rage Will++ Int-3
                  | Slay+6}
 12378 | D:11     | Noticed a boulder beetle
 12378 | D:11     | Noticed a deep elf pyromancer
 12379 | D:11     | Noticed a cyan ugly thing
 12379 | D:11     | Noticed a sphinx
 12380 | D:11     | Noticed a manticore
 12380 | D:11     | Noticed an orc knight
 12382 | D:11     | Noticed a two-headed ogre
 12687 | D:11     | Noticed a cyclops
 12691 | D:11     | Noticed a cyan ugly thing
 12704 | D:11     | Killed a cyan ugly thing
 12788 | D:11     | Found a staircase to the Orcish Mines.
 13077 | D:11     | Found a staircase to the Lair.
 13098 | D:11     | Reached skill level 5 in Spellcasting
 13219 | D:11     | Noticed a manticore
 13236 | D:11     | Reached skill level 9 in Transmutations
 13245 | D:11     | Killed a manticore
 13680 | D:11     | Reached XP level 12. HP: 69/79 MP: 20/20
 13788 | D:11     | Received a gift from Okawaru
 13792 | D:11     | Got a scorched kite shield {god gift}
 13942 | D:11     | Noticed Sonja
 13962 | D:11     | Killed Sonja
 13963 | D:11     | Reached skill level 10 in Transmutations
 14264 | D:11     | Killed a two-headed ogre
 15024 | D:11     | Identified the +3 kite shield of the Fife {rF+} (Okawaru
                  | gifted it to you on level 11 of the Dungeon)
 15063 | D:11     | Learned a level 5 spell: Blade Hands
 15224 | D:5      | Killed Ijyb
 15495 | Lair:1   | Entered Level 1 of the Lair of Beasts
 16921 | Lair:2   | Noticed a five-headed hydra
 16931 | Lair:2   | Killed a five-headed hydra
 17030 | Lair:2   | Noticed a six-headed hydra
 17040 | Lair:2   | HP: 4/94 [six-headed hydra (3)]
 17040 | Lair:2   | Slain by a six-headed hydra

Illustrated notes

Levels and vault maps discovered:
D:1:      amcnicky_arrival_choice, layout_basic, dk_noncrumbling_4
D:2:      layout_basic, chequers_temple_overflow_statue_of_worship,
          corexii_leaking_fountain, uniq_jessica
D:3:      layout_loops_ring, kennysheep_okawaru_gauntlet
D:4:      layout_loops_ring, minmay_temple_entry_hall
D:5:      layout_cave_pools, cheibrodos_worm_habitat, uniq_ijyb
D:6:      layout_basic, uniq_grinder
D:7:      minmay_blocky_corners, layout_layer_cave, serial_shops, shop,
          kennysheep_mini, shop, minmay_stone_trees_medium,
          nicolae_qazlal_general_emergency
D:8:      layout_rooms, old_standard_altar
D:9:      layout_basic, uniq_maggie
D:10:     layout_gridville, grunt_decor_resistance
D:11:     layout_basic, david_lair_generic,
          kennysheep_orc_monster_closet_entryway, minmay_st_funbox, uniq_sonja
Lair:1:   layout_regular_city, minmay_stone_trees_small, minmay_hedge_maze
Lair:2:   layout_roguey, elwin_shoals_entry_stream, dummy_spider_entry,
          minmay_lair_oklob_items, fungi_pond_lemuel, beast_lair_carwin_10,
          infiniplex_staircase_pool_2, lemuel_fruit_tree

Skill      XL: |  1  2  3  4  5  6  7  8  9 10 11 12 |
---------------+-------------------------------------+-----
Stealth        | 2 3 4 |  4.0
Fighting       | 2 3 4 6 |  6.0
Unarmed Combat | 4 5 6 8 |  8.0
Invocations    | 3 4 6 8 |  8.6
Evocations     | 3 4 6 8 |  8.0
Poison Magic   | 2 4 |  4.0
Transmutations | 5 8 9 10 | 10.0
Spellcasting   | 4 5 6 |  6.0
Ice Magic      | 2 4 |  4.0
Shields        | 2 4 |  4.0
Dodging        | 3 6 |  6.0

Action                   |  1- 3 |  4- 6 |  7- 9 | 10-12 || total
-------------------------+-------+-------+-------+-------++-------
Melee: Unarmed           |    68 |   138 |   258 |   463 ||   927
       Constrict         |    21 |    32 |    49 |    10 ||   112
       Tentacles         |     8 |    21 |    44 |    11 ||    84
       Kick              |     9 |    19 |    43 |       ||    71
       Punch             |     2 |     4 |    10 |     2 ||    18
Throw: Stone             |     7 |     7 |     6 |       ||    20
       Dart              |       |       |     4 |     6 ||    10
 Cast: Beastly Appendage |     6 |    10 |    24 |       ||    40
       Wereblood         |     1 |     5 |     9 |    16 ||    31
       Spider Form       |       |       |     9 |    25 ||    34
       Ice Form          |       |       |       |    26 ||    26
Invok: Heroism           |       |       |     4 |     6 ||    10
Evoke: Wand              |     2 |     1 |     2 |     4 ||     9
  Use: Scroll            |       |     7 |     7 |     6 ||    20
       Potion            |       |       |     1 |     1 ||     2
 Stab: Sleeping          |    10 |     8 |     7 |    12 ||    37
       Paralysed         |       |       |     3 |     3 ||     6
       Distracted        |       |       |     1 |     2 ||     3
Armor: Skin              |     2 |    13 |    24 |    43 ||    82
Dodge: Dodged            |    33 |    79 |   183 |   396 ||   691
Block: Buckler           |       |       |       |    10 ||    10

Table legend: (Time is in decaauts)
 A = Elapsed time spent in this place.
 B = Non-inter-level travel time spent in this place.
 C = Inter-level travel time spent in this place.
 D = Time resting spent in this place.
 E = Time spent auto-exploring this place.
 F = Levels seen in this place.
 G = Mean time per level.
                   A        B        C        D        E       F      G
               +--------+--------+--------+--------+--------+-----+--------+
         Total |  16929 |  16028 |    901 |   3230 |  10158 |  13 | 1302.2 |
       Dungeon |  15394 |  14601 |    793 |   3156 |   8976 |  11 | 1399.5 |
          Lair |   1535 |   1427 |    108 |     74 |   1182 |   2 |  767.5 |
               +--------+--------+--------+--------+--------+-----+--------+

Top non-repeatable levels by time:
    D:11: 2947 daAuts
     D:5: 1591 daAuts
     D:2: 1544 daAuts
    D:10: 1530 daAuts
     D:7: 1384 daAuts
  Lair:1: 1367 daAuts
     D:9: 1352 daAuts
     D:3: 1155 daAuts
     D:4: 1137 daAuts
     D:8: 1053 daAuts
     D:1: 876 daAuts
     D:6: 821 daAuts
  Lair:2: 168 daAuts
